 Dungeon Crawl Stone Soup version 0.24.1-11-gbbbb2193e6 (webtiles) character file.

Game seed: 10969006198589182510, levelgen mode: deterministic

371 Curus the Spear-Bearer (level 6, -2/50 HPs)
             Began as a Minotaur Gladiator on May 10, 2020.
             Killed from afar by an orc wizard (8 damage)
             ... with a magic dart
             ... on level 4 of the Dungeon.
             The game lasted 00:10:09 (2077 turns).

Curus the Spear-Bearer (Minotaur Gladiator)         Turns: 2077, Time: 00:10:10

Health: -2/50      AC:  6    Str: 18    XL:     6   Next: 42%
Magic:  0/5        EV: 15    Int:  7    God:
Gold:   197        SH:  0    Dex: 12    Spells: 5/5 levels left

rFire    . . .     SeeInvis .   a - +2 trident
rCold    . . .     Gourm    .   (no shield)
rNeg     . . .     Faith    .   b - +0 leather armour
rPois    .         Spirit   +   c - +0 hat
rElec    .         Reflect  .   (no cloak)
rCorr    .         Harm     .   i - +0 pair of gloves
MR       .....                  (no boots)
Stlth    +.........             n - amulet of guardian spirit
HPRegen  0.16/turn              q - +2 ring of evasion
MPRegen  0.09/turn              (no ring)

@: no status effects
A: retaliatory headbutt, horns 2, icy blue scales 1, wild magic 2
a: no special abilities


You were on level 4 of the Dungeon.
You were not hungry.

You visited 1 branch of the dungeon, and saw 4 of its levels.

You collected 197 gold pieces.

Inventory:

Hand Weapons
 a - a +2 trident (weapon)
Missiles
 d - 3 throwing nets (quivered)
Armour
 b - a +0 leather armour (worn)
 c - a +0 hat (worn)
 i - a +0 pair of gloves (worn)
Jewellery
 e - an uncursed ring of teleportation
 n - an amulet of guardian spirit (around neck)
 p - an uncursed amulet of the acrobat
 q - a +2 ring of evasion (left hand)
Wands
 l - a wand of random effects (16)
Scrolls
 h - 2 scrolls of teleportation
 j - a scroll of remove curse
 k - 2 scrolls of identify
Potions
 g - a potion of haste
Comestibles
 f - 5 rations
 o - 2 chunks of flesh


   Skills:
 - Level 2.4 Fighting
 + Level 8.8 Polearms
 - Level 2.0 Throwing
 - Level 3.2 Dodging


You had 5 spell levels left.
You didn't know any spells.
Your spell library was empty.

Dungeon Overview and Level Annotations

Branches:
Dungeon (4/15)
 Temple: D:4-7

Altars:
Zin


Innate Abilities, Weirdness & Mutations

You reflexively headbutt those who attack you in melee.
You have a pair of horns on your head.
You are partially covered in icy blue scales. (AC +2)
Your spells are harder to cast, but more powerful.


Message History

The magic dart hits you but does no damage.
You closely miss the orc priest.
The orc priest is lightly wounded.
The orc priest closely misses you.
The orc wizard hits you but does no damage.
You hit the orc priest.
The orc priest is moderately wounded.
The orc priest calls down the wrath of Beogh upon you.
Beogh smites you!
* * * LOW HITPOINT WARNING * * *
The orc wizard misses you.
Unknown command.
You puncture the orc priest!
The orc priest is severely wounded.
The orc priest closely misses you.
You puncture the orc priest!
You kill the orc priest!
The orc wizard gestures at you while chanting.
The magic dart hits you!
You die...

#..# #..# #..#
##.## ## ##.## .#
##.## ..#### ##.#
#...... #.## ####
##o......
##.####..###@[#
.####..)##.[..:..##
#.......[..)...†.#
######)[)[.......#
#...######....#
#..## ##....# #
#..?# .......
..$.## .##...#
###..## #.#.


You could see an orc wizard.

Vanquished Creatures
  A phantom (D:4)
  An orc priest (D:4)
  2 orc wizards
  Terence (D:2)
  A bullfrog skeleton (D:4)
  2 adders (D:3)
  An ooze (D:3)
  3 worms (D:3)
  5 dart slugs
  2 leopard geckos
  18 orcs
  2 ball pythons
  4 goblins
  10 hobgoblins
  8 jackals
  3 kobolds
  2 quokkas (D:4)
  8 bats
  3 frilled lizards
  9 rats
86 creatures vanquished.

Notes
Turn   | Place    | Note
-------+----------+-------------------------------------------
     0 | D:1      | Curus the Minotaur Gladiator began the quest for the Orb.
     0 | D:1      | Reached XP level 1. HP: 18/18 MP: 0/0
    15 | D:1      | Reached skill level 4 in Polearms
    21 | D:1      | Gained mutation: Your spells are a little harder to cast,
                  | but a little more powerful. [potion of mutation]
    21 | D:1      | Gained mutation: Your spells are harder to cast, but more
                  | powerful. [potion of mutation]
    21 | D:1      | Gained mutation: You are partially covered in icy blue
                  | scales. (AC +2) [potion of mutation]
   101 | D:1      | Reached XP level 2. HP: 25/25 MP: 1/1
   554 | D:2      | Reached skill level 5 in Polearms
   556 | D:2      | Found a glowing silver altar of Zin.
   573 | D:2      | Reached XP level 3. HP: 30/30 MP: 2/2
   760 | D:2      | Found a faded altar of an unknown god.
   858 | D:2      | Noticed Terence
   874 | D:2      | Killed Terence
   874 | D:2      | Reached skill level 6 in Polearms
   874 | D:2      | Reached XP level 4. HP: 19/37 MP: 3/3
  1777 | D:3      | Reached XP level 5. HP: 35/42 MP: 4/4
  1778 | D:3      | Reached skill level 7 in Polearms
  2028 | D:4      | Noticed a phantom
  2044 | D:4      | Killed a phantom
  2044 | D:4      | Reached skill level 8 in Polearms
  2044 | D:4      | Reached XP level 6. HP: 46/50 MP: 5/5
  2077 | D:4      | Killed from afar by an orc wizard

Levels and vault maps discovered:
D:1:      psy_arrival_statuary, layout_basic
D:2:      layout_basic, nicolae_overflow_crystal_walls,
          chequers_ecumenical_altar_simple, kennysheep_nondescript, uniq_terence
D:3:      cheibrodos_old_hovel, layout_basic, first_ration, st_stairs_12
D:4:      layout_layer_cave, minmay_temple_entry_mini_moons, uniq_grinder

Skill      XL: |  1  2  3  4  5 |
---------------+----------------+-----
Polearms       | 4 5 6 8 |  8.8
Fighting       | |  2.4
Throwing       | |  2.0
Dodging        | |  3.2

Action                   |  1- 3 |  4- 6 || total
-------------------------+-------+-------++-------
Melee: Trident           |    86 |   122 ||   208
       Headbutt          |     8 |    14 ||    22
  Use: Potion            |     7 |     2 ||     9
       Scroll            |     4 |     5 ||     9
  Eat: Chunk             |       |     4 ||     4
Armor: Leather armour    |    14 |    33 ||    47
Dodge: Dodged            |    34 |    93 ||   127
